 Dungeon Crawl Stone Soup version 0.31-a0-854-g362426d53f (webtiles) character file.

Game seed: 13741658541654745964

1759 Azuregosa the Cleaver (level 8, -6/69 HPs)
             Began as a Minotaur Warper on Oct 8, 2023.
             Mangled by a hornet (9 damage)
             ... while paralysed by a hornet
             ... on level 7 of the Dungeon.
             The game lasted 00:38:29 (7301 turns).

Azuregosa the Cleaver (Minotaur Warper)             Turns: 7301, Time: 00:38:30

Health: -6/69      AC: 11    Str: 21    XL:     8   Next: 79%
Magic:  9/9        EV:  2    Int: 10    God:
Gold:   51         SH:  0    Dex: 11    Spells: 8/10 levels left

rFire   . . .        J - +8 broad axe of Ameur {venom, Str+4}
rCold   . . .        (no shield)
rNeg    . . .        A - +0 chain mail of Jahikiok {rElec}
rPois   .            (helmet restricted)
rElec   +            (no cloak)
rCorr   .            k - +0 pair of gloves
SInv    .            (no boots)
Will    .....        (no amulet) Stlth
                     (no ring)
HPRegen 0.31/turn    (no ring)
MPRegen 0.11/turn

%: no passive effects
@: paralysed, lethally poisoned (-6 -> -10), slowed
A: horns 2, retaliatory headbutt
a: no special abilities


You were on level 7 of the Dungeon.
You visited 1 branch of the dungeon, and saw 8 of its levels.
You also visited: Sewer.

You collected 339 gold pieces.
You spent 288 gold pieces at shops.

Inventory:

Hand Weapons
 a - a +0 hand axe
 g - a +0 sling
 u - a +0 flail of venom
 F - a +2 falchion of draining
 G - a +0 shortbow
 J - the +8 broad axe of Ameur (weapon) {venom, Str+4}
   (You bought it in a shop on level 2 of the Dungeon)

   Str+4:     It affects your strength (+4).
 M - a +0 hand axe of electrocution
 O - a +1 short sword of flaming
Missiles
 d - 7 darts of dispersal (quivered)
 f - 31 stones
 p - 18 poisoned darts
 v - 4 datura-tipped darts
 D - 8 boomerangs
 N - 2 throwing nets
Armour
 b - a +0 leather armour
 k - a +0 pair of gloves (worn)
 A - the +0 chain mail of Jahikiok (worn) {rElec}
   (You found it on level 4 of the Dungeon)

   rElec:     It insulates you from electricity.
 L - a +0 scale mail
Magical Staves
 r - a staff of air
Jewellery
 e - an amulet of faith
 H - a ring of poison resistance
Talismans
 n - a storm talisman
Wands
 E - a wand of polymorph (11)
Scrolls
 c - 3 scrolls of blinking
 h - a scroll of enchant armour {unknown}
 i - 4 scrolls of teleportation {unknown}
 j - 4 scrolls of identify {unknown}
 l - 4 scrolls of vulnerability {unknown}
 o - 2 scrolls of amnesia {unknown}
 q - a scroll of fog {unknown}
 s - a scroll of enchant weapon {unknown}
 t - a scroll of fear {unknown}
 y - 2 scrolls of noise {unknown}
 C - a scroll of poison {unknown}
 I - a scroll of revelation {unknown}
Potions
 m - 2 potions of mutation {unknown}
 w - 6 potions of curing
 x - 2 potions of attraction {unknown}
 z - a potion of haste {unknown}
 B - a potion of lignification {unknown}
 K - a potion of magic {unknown}


   Skills:
 - Level 5.5 Fighting
 * Level 9.0 Axes
 - Level 1.0 Throwing
 - Level 6.5 Armour
 - Level 2.9 Dodging
 - Level 0.5 Stealth
 - Level 1.9 Spellcasting
 - Level 2.6 Translocations
 - Level 2.8 Air Magic


You had 8 spell levels left.
You knew the following spells:

 Your Spells              Type           Power      Damage    Failure   Level
a - Blink                 Tloc           12%        N/A       69%         2

Your spell library contained the following spells:

 Spells                   Type           Power      Damage    Failure   Level
 Apportation              Tloc           12%        N/A       54%         1
 Lesser Beckoning         Tloc           12%        N/A       69%         2
 Swiftness                Air            6%         N/A       88%         3
 Foxfire                  Conj/Fire      0%         2x1d4     89%         1
 Necrotise                Necr           0%         1d4       89%         1
 Summon Small Mammal      Summ           0%         N/A       89%         1
 Gell's Gravitas          Tloc           6%         N/A       89%         3
 Teleport Other           Tloc           6%         N/A       89%         3
 Ensorcelled Hibernation  Hex/Ice        0%         N/A       96%         2
 Passwall                 Tmut/Erth      0%         N/A       96%         2
 Frozen Ramparts          Ice            0%         1d1       99%         3
 Vampiric Draining        Necr           0%         2d6       99%         3
 Vhi's Electric Charge    Tloc/Air       12%        N/A       99%         4
 Manifold Assault         Tloc           6%         N/A       100%        4
 Petrify                  Tmut/Erth      0%         N/A       100%        4
 Agony                    Necr           0%         N/A       100%        5
 Arcjolt                  Conj/Air       1%         1d11      100%        5
 Metabolic Englaciation   Hex/Ice        0%         N/A       100%        5
 Plasma Beam              Fire/Air       1%         2x1d11    100%        6
 Starburst                Conj/Fire      0%         6d3       100%        6


Dungeon Overview and Level Annotations

Branches:
Dungeon (8/15)              Sewer (visited)
 Temple: D:4-7         Lair: D:8-11

Altars:
Ashenzari
Elyvilon
Fedhas
Hepliaklqana
Makhleb
Nemelex Xobeh
Trog
Uskayaw
Zin
The Shining One

Shops:
D:2 (


Innate Abilities, Weirdness & Mutations

You have a pair of horns on your head.
You reflexively headbutt those who attack you in melee.


Message History

The hornet stings you.
You feel as though you will be slow longer.
There is a stone staircase leading up here.
You feel very sick. The hornet closely misses you.
The gnoll bouda barks out a call to the hunt!
The gnolls pick up the pace!
The hornet stings you.
You feel as though you will be slow longer.
The gnoll barely misses you.
You climb upwards.
You feel sick.
Found a bubbling dark potion.
There is a stone staircase leading down here.
Found a chain mail.
You feel sick. The gnoll hits you with a +0 flail.
The hornet barely misses you. You furiously retaliate!
You headbutt the hornet! The gnoll barely misses you.
An orc comes into view. It is wielding a +0 flail.
You feel sick.
The orc shouts!
The hornet attacks as it pursues you! The hornet stings you.
You are more poisoned.
You feel as though you will be slow longer.
The hornet stings you.
You feel as though you will be slow longer.
The gnoll barely misses you.
The hornet stings you but does no damage.
Okay, then.
You feel very sick. The hornet stings you!
* * * LOW HITPOINT WARNING * * *
You suddenly lose the ability to move!
The gnoll hits you with a +0 flail.
* * * LOW HITPOINT WARNING * * *
You feel sick.
The hornet stings you but does no damage.
The gnoll hits you but does no damage.
You feel sick. The hornet stings you.
* * * LOW HITPOINT WARNING * * *
You feel as though you will be slow longer.
The hornet stings you!
You die...

+# .. .. #.
#####
##..###...######
+....>...!......
#...............
#.......g....[..
#######y@###.##
#.o# .....
........
+.........
###....##..
#....# ..#
.....# ..


You could see a hornet, a gnoll (swift) and an orc.

Vanquished Creatures
  Sigmund (D:4)
  Duvessa (D:4)
  A water moccasin (Sewer)
  An ice beast (D:5)
  2 black bears
  2 centaurs (D:5)
  A phantom (D:5)
  A bullfrog (D:6)
  A gnoll sergeant (D:6)
  3 scorpions
  Dowan (D:4)
  2 jellies
  A sleepcap (D:5)
  2 orc priests
  A hound (D:6)
  4 iguanas
  8 adders
  6 gnolls
  A river rat (D:3)
  A white imp (D:6)
  2 ufetubi (D:4)
  3 worms
  2 dart slugs (D:4)
  16 orcs
  4 bats
  6 endoplasms
  2 giant cockroaches (D:3)
  5 goblins
  4 hobgoblins
  4 jackals (D:1)
  2 quokkas (D:3)
  A ball python (D:2)
  4 frilled lizards
  11 kobolds
  6 rats
113 creatures vanquished.

Notes
Turn   | Place    | Note
-------+----------+-------------------------------------------
     0 | D:1      | Azuregosa the Minotaur Warper began the quest for the Orb.
     0 | D:1      | Reached XP level 1. HP: 18/18 MP: 1/1
    81 | D:2      | Reached XP level 2. HP: 25/25 MP: 3/3
   139 | D:1      | Learned a level 2 spell: Blink
   190 | D:1      | Found a faded altar of an unknown god.
   519 | D:1      | Reached XP level 3. HP: 29/30 MP: 4/4
   875 | D:3      | Found a sparkling altar of Nemelex Xobeh.
  1016 | D:3      | Found a burning altar of Makhleb.
  1016 | D:3      | Noticed a cacodemon
  1019 | D:3      | Noticed an orange demon
  1019 | D:3      | Noticed a neqoxec
  1077 | D:3      | Reached skill level 3 in Axes
  1166 | D:3      | Found a glowing drain.
  1175 | Sewer    | Entered a sewer
  1207 | Sewer    | Noticed a water moccasin
  1219 | Sewer    | Killed a water moccasin
  1220 | Sewer    | Reached XP level 4. HP: 16/38 MP: 5/5
  1220 | Sewer    | Reached XP level 5. HP: 19/45 MP: 6/6
  1506 | D:2      | Reached skill level 4 in Axes
  1541 | D:2      | Found Qohydd's Antique Weapon Emporium.
  2306 | D:4      | Identified the +0 chain mail of Jahikiok {rElec}
  2461 | D:5      | Entered Level 5 of the Dungeon
  2461 | D:5      | Noticed a centaur
  2466 | D:4      | Noticed a black bear
  2473 | D:4      | Killed a black bear
  2474 | D:4      | Reached XP level 6. HP: 45/52 MP: 7/7
  2538 | D:4      | Reached skill level 1 in Air Magic
  2550 | D:4      | Noticed Sigmund
  2876 | D:4      | Reached skill level 5 in Axes
  2924 | D:4      | Found a blossoming altar of Fedhas.
  2924 | D:4      | Noticed Dowan
  2925 | D:4      | Noticed Duvessa
  3134 | D:5      | Found a broken altar of Ashenzari.
  3173 | D:5      | Reached XP level 7. HP: 52/60 MP: 8/8
  3558 | D:5      | Reached skill level 6 in Axes
  3775 | D:5      | Reached skill level 5 in Armour
  4003 | D:4      | Killed Sigmund
  4004 | D:4      | Reached skill level 5 in Fighting
  4004 | D:4      | Reached XP level 8. HP: 28/68 MP: 9/9
  4948 | D:6      | Found a hazy altar of Hepliaklqana.
  5222 | D:6      | Reached skill level 7 in Axes
  5482 | D:2      | Bought a slimy broad axe for 288 gold pieces
  5482 | D:2      | Identified the +8 broad axe of Ameur {venom, Str+4} (You
                  | bought it in a shop on level 2 of the Dungeon)
  5775 | D:4      | Found a hide-covered altar of Uskayaw.
  6205 | D:4      | Killed Dowan
  6210 | D:4      | Killed Duvessa
  6211 | D:4      | Reached skill level 8 in Axes
  6616 | D:6      | Found a bloodstained altar of Trog.
  7066 | D:6      | Reached skill level 9 in Axes
  7078 | D:6      | Found a white marble altar of Elyvilon.
  7079 | D:6      | Found a glowing silver altar of Zin.
  7080 | D:6      | Found a glowing golden altar of the Shining One.
  7291 | D:8      | Noticed a hornet
  7294 | D:8      | Noticed a two-headed ogre
  7299 | D:7      | Paralysed by a hornet for 3 turns
  7301 | D:7      | HP: 3/69 [hornet (5)]
  7301 | D:7      | Mangled by a hornet

Illustrated notes

Levels and vault maps discovered:
D:1:      lightli_arrival_statue_moat, layout_loops_ring,
          chequers_ecumenical_altar_lobes
D:2:      layout_basic, serial_shops, nicolae_shop_overgrown_old_shop,
          minmay_split_cup_small, uniq_crazy_yiuf_cottage
D:3:      layout_rooms, mainiacjoe_overflow_six_doors_small,
          makhleb_altar_promises_db, portal_sewer_entry_b, grunt_decor_junction
D:4:      layout_gridville, lemuel_tele_altar, lemuel_round_altar, uniq_sigmund,
          uniq_duvessa
D:5:      layout_gridville, mainiacjoe_overflow_24_doors, serial_glass,
          glass_columns_c, glass_columns_a, feat_on_display, item_on_display_a,
          minmay_strange_pillars, feat_on_display
D:6:      layout_basic, good_gods_temple_1, nicolae_hepliaklqana_hazy_memory,
          kennysheep_mini, minmay_temple_entry_from_below_b
D:7:      layout_gridville, minmay_checkerbox, uniq_jeremiah
D:8:      layout_rooms, due_unseen_surprise

Skill      XL: |  1  2  3  4  5  6  7  8 |
---------------+-------------------------+-----
Armour         | 2 3 4 5 6 |  6.5
Axes           | 3 4 5 6 9 |  9.0
Fighting       | 3 4 5 |  5.5
Air Magic      | 1 2 |  2.8
Throwing       | |  1.0
Dodging        | |  2.9
Stealth        | |  0.5
Spellcasting   | |  1.9
Translocations | |  2.6

Action                     |  1- 3 |  4- 6 |  7- 9 || total
---------------------------+-------+-------+-------++-------
  Melee: Hand axe          |   105 |   122 |   147 ||   374
         Headbutt          |    12 |    25 |    31 ||    68
         Punch             |       |     2 |     3 ||     5
         Broad axe         |       |       |    36 ||    36
    Use: Potion            |       |       |     3 ||     3
   Stab: Sleeping          |       |     1 |       ||     1
 Armour: Leather armour    |    43 |    26 |       ||    69
         Chain mail        |       |    78 |   220 ||   298
  Dodge: Dodged            |    56 |    72 |    99 ||   227

Table legend: (Time is in decaauts)
 A = Elapsed time spent in this place.
 B = Non-inter-level travel time spent in this place.
 C = Inter-level travel time spent in this place.
 D = Time resting spent in this place.
 E = Time spent auto-exploring this place.
 F = Levels seen in this place.
 G = Mean time per level.
                   A        B        C        D        E       F      G
               +--------+--------+--------+--------+--------+-----+--------+
         Total |   7355 |   7069 |    286 |   1646 |   3454 |   9 |  817.2 |
       Dungeon |   7137 |   6851 |    286 |   1501 |   3441 |   8 |  892.1 |
         Sewer |    217 |    217 |      0 |    145 |     13 |   1 |  217.0 |
               +--------+--------+--------+--------+--------+-----+--------+

Top non-repeatable levels by time:
     D:5: 2043 daAuts
     D:4: 1435 daAuts
     D:6: 996 daAuts
     D:2: 920 daAuts
     D:3: 875 daAuts
     D:1: 767 daAuts
   Sewer: 217 daAuts
     D:7: 91 daAuts
     D:8: 5 daAuts
